SAA
LITTLE CAESARS HOT N READYS @ LONG ISLAND SEAWOLVES
07/30/2034
 
TOP OF THE 1ST
Little Caesars Hot N Readys batting - Pitching for Long Island Seawolves : RHP Caspar Irwin
Pitching: RHP Caspar Irwin
Batting: LHB Nathan Housden 0-0: Called Strike
0-1: Swinging Strike
0-2: Strikes out swinging
Batting: SHB Allen Pandey 0-0: Foul Ball, location: 2F
0-1: SINGLE (Groundball, 34D)
Batting: RHB Cornelio Japón 0-0: Called Strike
Allen Pandey steals 2nd base
0-1: Called Strike
0-2: Ball
1-2: Ground out 1-3 (Groundball, 13)
Allen Pandey to third
Batting: LHB Manuel Estrada 0-0: Called Strike
0-1: Ball
1-1: Ball
2-1: Foul Ball, location: 2F
2-2: Ball
3-2: Strikes out swinging
Top of the 1st over - 0 runs, 1 hit, 0 errors, 1 left on base; Little Caesars 0 - Long Island 0
BOTTOM OF THE 1ST
Long Island Seawolves batting - Pitching for Little Caesars Hot N Readys : RHP Sergio Gómez
Pitching: RHP Sergio Gómez
Batting: SHB Cheong-hun Kang 0-0: SINGLE (Line Drive, 8LS)
Batting: RHB Taua Naituyaga 0-0: Ball
1-0: Called Strike
1-1: SINGLE (Groundball, 6M) (infield hit)
Cheong-hun Kang to second
Batting: RHB John Shultz 0-0: Ball
1-0: Called Strike
1-1: Foul Ball, location: 2F
1-2: Foul Ball, location: 2F
1-2: Strikes out swinging
Batting: RHB John Mayasich 0-0: Called Strike
Cheong-hun Kang steals 3rd base
0-1: Ball
1-1: Ball
2-1: Ball
3-1: Called Strike
3-2: Fly out, F5 (Popup, 25F)
Batting: SHB Alexei Ponikarov 0-0: Ball
1-0: Foul Ball, location: 2F
1-1: Ball
2-1: Ground out 4-3 (Groundball, 4)
Bottom of the 1st over - 0 runs, 2 hits, 0 errors, 2 left on base; Little Caesars 0 - Long Island 0
TOP OF THE 2ND
Little Caesars Hot N Readys batting - Pitching for Long Island Seawolves : RHP Caspar Irwin
Batting: SHB Ezequiel Oacia 0-0: Foul Ball, location: 2F
0-1: Swinging Strike
0-2: Ball
1-2: Ball
2-2: Ball
3-2: Foul Ball, location: 2F
3-2: Base on Balls
Batting: SHB Quentin Harrop 0-0: Foul Ball, location: 2F
0-1: Foul Ball, location: 2F
0-2: Ball
1-2: Foul Ball, location: 2F
1-2: Foul Ball, location: 2F
1-2: Ball
2-2: Ball
3-2: SINGLE (Groundball, 34D)
Ezequiel Oacia to second
Runner from 2nd tries for 3rd, OUT!
Batting: RHB Troy Ross 0-0: Ball
1-0: Fielders Choice at 2nd, 6-4 (Groundball, 6D)
Batting: SHB Jorge Iglésias 0-0: Ball
1-0: Called Strike
Troy Ross is caught stealing 2nd base
Top of the 2nd over - 0 runs, 1 hit, 0 errors, 0 left on base; Little Caesars 0 - Long Island 0
BOTTOM OF THE 2ND
Long Island Seawolves batting - Pitching for Little Caesars Hot N Readys : RHP Sergio Gómez
Batting: RHB Carlos Gonzáles 0-0: Called Strike
0-1: Ball
1-1: Ball
2-1: Ball
3-1: Base on Balls
Batting: RHB Shigeaki Samurakami 0-0: Ball
1-0: Ball
2-0: Ball
3-0: Called Strike
3-1: Fly out, F7 (Flyball, 7S)
Batting: LHB Rurik Elhov 0-0: Ball
1-0: Foul Ball, location: 2F
1-1: Ball
2-1: DOUBLE (Line Drive, 78M)
Carlos Gonzáles to third
Runner from 3rd tries for Home, SAFE, no throw
Batting: SHB Mick Chaundy 0-0: Swinging Strike
0-1: Ball
1-1: Ball
2-1: Ball
3-1: Base on Balls
Batting: SHB Cheong-hun Kang 0-0: Ball
Rurik Elhov is caught stealing 3rd base
1-0: DOUBLE (Line Drive, 89D)
Mick Chaundy to third
Runner from 3rd tries for Home, SAFE, throw made at trailing runner, SAFE at third!
Batting: RHB Taua Naituyaga 0-0: Called Strike
0-1: Called Strike
0-2: Strikes out swinging
Bottom of the 2nd over - 2 runs, 2 hits, 0 errors, 1 left on base; Little Caesars 0 - Long Island 2
TOP OF THE 3RD
Little Caesars Hot N Readys batting - Pitching for Long Island Seawolves : RHP Caspar Irwin
Batting: SHB Jorge Iglésias 0-0: Ball
1-0: SINGLE (Line Drive, 4D)
Batting: RHB Jaxon Dube 0-0: Ball
1-0: Ball
2-0: Ball
3-0: Called Strike
3-1: Base on Balls
Jorge Iglésias to second
Batting: LHB Nathan Housden 0-0: Ball
1-0: Ball
2-0: SINGLE (Line Drive, 8LS)
Jorge Iglésias to third
Jaxon Dube to second
Batting: SHB Allen Pandey 0-0: Ball
1-0: Fly out, F6 (Line Drive, 6)
Lined into DP, 6-5 (Line Drive, 6)
Batting: RHB Cornelio Japón 0-0: Ball
1-0: Called Strike
1-1: Ball
2-1: SINGLE (Groundball, 56D)
Jaxon Dube to third
Nathan Housden to second
Runner from 3rd tries for Home, SAFE, no throw
Batting: LHB Manuel Estrada 0-0: Called Strike
0-1: Ball
1-1: Fly out, F8 (Flyball, 8LM)
Top of the 3rd over - 1 run, 3 hits, 0 errors, 2 left on base; Little Caesars 1 - Long Island 2
BOTTOM OF THE 3RD
Long Island Seawolves batting - Pitching for Little Caesars Hot N Readys : RHP Sergio Gómez
Batting: RHB John Shultz 0-0: Called Strike
0-1: Called Strike
0-2: Ball
1-2: Strikes out swinging
Batting: RHB John Mayasich 0-0: Ball
1-0: Ball
2-0: Ball
3-0: Called Strike
3-1: Called Strike
3-2: Base on Balls
Batting: SHB Alexei Ponikarov 0-0: Called Strike
0-1: Swinging Strike
0-2: Fly out, F4 (Popup, 34)
Batting: RHB Carlos Gonzáles 0-0: Foul Ball, location: 2F
0-1: Ball
1-1: Foul Ball, location: 2F
1-2: Ball
2-2: Ball
Wild Pitch!
John Mayasich to second
3-2: Base on Balls
Batting: RHB Shigeaki Samurakami 0-0: Ball
1-0: Called Strike
1-1: Ball
2-1: Foul Ball, location: 2F
2-2: Ball
3-2: Fly out, F8 (Flyball, 8RXD)
Bottom of the 3rd over - 0 runs, 0 hits, 0 errors, 2 left on base; Little Caesars 1 - Long Island 2
TOP OF THE 4TH
Little Caesars Hot N Readys batting - Pitching for Long Island Seawolves : RHP Caspar Irwin
Batting: SHB Ezequiel Oacia 0-0: Ball
1-0: Ball
2-0: Ball
3-0: Base on Balls
Batting: SHB Quentin Harrop 0-0: Called Strike
0-1: Fly out, F8 (Flyball, 8RM)
Batting: RHB Troy Ross Pickoff Throw to First - Out!
0-0: Ground out 1-6-3 (Groundball, 15S)
Top of the 4th over - 0 runs, 0 hits, 0 errors, 0 left on base; Little Caesars 1 - Long Island 2
BOTTOM OF THE 4TH
Long Island Seawolves batting - Pitching for Little Caesars Hot N Readys : RHP Sergio Gómez
Batting: LHB Rurik Elhov 0-0: Swinging Strike
0-1: Called Strike
0-2: Strikes out looking
Batting: SHB Mick Chaundy 0-0: Ball
1-0: Ball
2-0: Foul Ball, location: 2F
2-1: Ball
3-1: Called Strike
3-2: Foul Ball, location: 2F
3-2: Base on Balls
Batting: SHB Cheong-hun Kang 0-0: Foul Ball, location: 2F
0-1: Foul Ball, location: 2F
0-2: Fly out, F9 (Line Drive, 9)
Batting: RHB Taua Naituyaga 0-0: Ball
1-0: Ball
2-0: Ball
3-0: Base on Balls
Mick Chaundy to second
Batting: RHB John Shultz 0-0: Called Strike
0-1: Swinging Strike
0-2: Ball
Wild Pitch!
Mick Chaundy to third
Taua Naituyaga to second
1-2: Ball
2-2: SINGLE (Groundball, 6MD)
Mick Chaundy scores
Taua Naituyaga to third
Runner from 3rd tries for Home, SAFE, no throw
Batting: RHB John Mayasich 0-0: Ball
1-0: Foul Ball, location: 2F
1-1: Ball
2-1: Fly out, F8 (Flyball, 89M)
Bottom of the 4th over - 2 runs, 1 hit, 0 errors, 1 left on base; Little Caesars 1 - Long Island 4
TOP OF THE 5TH
Little Caesars Hot N Readys batting - Pitching for Long Island Seawolves : RHP Caspar Irwin
Batting: SHB Jorge Iglésias 0-0: Fly out, F9 (Flyball, 89D)
Batting: RHB Jaxon Dube 0-0: Ball
1-0: Ground out 6-3 (Groundball, 6)
Batting: LHB Nathan Housden 0-0: Ball
1-0: Ball
2-0: Ball
3-0: Called Strike
3-1: Called Strike
3-2: Fly out, F2 (Popup, 25F)
Top of the 5th over - 0 runs, 0 hits, 0 errors, 0 left on base; Little Caesars 1 - Long Island 4
BOTTOM OF THE 5TH
Long Island Seawolves batting - Pitching for Little Caesars Hot N Readys : RHP Sergio Gómez
Batting: SHB Alexei Ponikarov 0-0: Called Strike
0-1: Fly out, F8 (Flyball, 8LXD)
Batting: RHB Carlos Gonzáles 0-0: Foul Ball, location: 2F
0-1: Ball
1-1: SINGLE (Groundball, 6MD)
Batting: RHB Shigeaki Samurakami 0-0: Ball
1-0: SINGLE (Groundball, 56D)
Carlos Gonzáles to second
Batting: LHB Rurik Elhov 0-0: Called Strike
0-1: Ball
1-1: Foul Ball, location: 2F
1-2: Ball
2-2: SINGLE (Groundball, 56D)
Carlos Gonzáles to third
Shigeaki Samurakami to second
Runner from 3rd tries for Home, SAFE, no throw
Batting: SHB Mick Chaundy 0-0: Ball
Shigeaki Samurakami steals 3rd base
1-0: Called Strike
1-1: Ball
2-1: Fly out, F9 (Flyball, 89S)
Throwing error, E9
Shigeaki Samurakami scores
Rurik Elhov to second
Batting: SHB Cheong-hun Kang 0-0: Intentional Walk
Batting: RHB Taua Naituyaga 0-0: Ball
1-0: Called Strike
1-1: Fly out, F9 (Flyball, 89S)
Bottom of the 5th over - 2 runs, 3 hits, 1 error, 2 left on base; Little Caesars 1 - Long Island 6
TOP OF THE 6TH
Little Caesars Hot N Readys batting - Pitching for Long Island Seawolves : RHP Caspar Irwin
Batting: SHB Allen Pandey 0-0: Ball
1-0: Ball
2-0: Ball
3-0: Called Strike
3-1: Base on Balls
Batting: RHB Cornelio Japón 0-0: Foul Ball, location: 2F
0-1: Ball
Allen Pandey steals 2nd base
1-1: Ball
2-1: Ball
3-1: Fly out, F7 (Flyball, 7S)
Batting: LHB Manuel Estrada 0-0: Ground out U3 (Groundball, 3)
Allen Pandey to third
Batting: SHB Ezequiel Oacia 0-0: Swinging Strike
0-1: Ground out 1-3 (Groundball, P)
Top of the 6th over - 0 runs, 0 hits, 0 errors, 1 left on base; Little Caesars 1 - Long Island 6
BOTTOM OF THE 6TH
Long Island Seawolves batting - Pitching for Little Caesars Hot N Readys : RHP Sergio Gómez
Pitching: RHP Woodrow Pelot
Batting: RHB John Shultz 0-0: Called Strike
0-1: Foul Ball, location: 2F
0-2: Fly out, F3 (Popup, 3)
Batting: RHB John Mayasich 0-0: Ball
1-0: Called Strike
1-1: Ball
2-1: Fly out, F7 (Flyball, 78M)
Batting: SHB Alexei Ponikarov 0-0: SINGLE (Groundball, 4MD)
Batting: RHB Carlos Gonzáles 0-0: Called Strike
0-1: Ball
1-1: Foul Ball, location: 2F
1-2: Strikes out looking
Bottom of the 6th over - 0 runs, 1 hit, 0 errors, 1 left on base; Little Caesars 1 - Long Island 6
TOP OF THE 7TH
Little Caesars Hot N Readys batting - Pitching for Long Island Seawolves : RHP Caspar Irwin
Batting: SHB Quentin Harrop 0-0: Called Strike
0-1: Ball
1-1: Foul Ball, location: 2F
1-2: Ball
2-2: Foul Ball, location: 2F
2-2: Ball
3-2: Base on Balls
Batting: RHB Troy Ross 0-0: Foul Ball, location: 2F
0-1: Called Strike
Quentin Harrop steals 2nd base
0-2: Ball
1-2: Foul Ball, location: 2F
1-2: Strikes out looking and he physically ARGUES THE CALL AND IS TOSSED!
Batting: SHB Jorge Iglésias 0-0: Ball
1-0: Foul Ball, location: 2F
1-1: Fly out, F9 (Flyball, 89M)
Runner from 2nd tags up, SAFE at 3rd with throw
Batting: RHB Jaxon Dube 0-0: Called Strike
0-1: Ball
1-1: Foul Ball, location: 2F
1-2: Foul Ball, location: 2F
1-2: Ball
2-2: Foul Ball, location: 2F
2-2: Foul Ball, location: 2F
2-2: Ground out 5-3 (Groundball, 5)
Top of the 7th over - 0 runs, 0 hits, 0 errors, 1 left on base; Little Caesars 1 - Long Island 6
BOTTOM OF THE 7TH
Long Island Seawolves batting - Pitching for Little Caesars Hot N Readys : RHP Woodrow Pelot
Now at 1B: Shelby Loudenslager
Batting: RHB Shigeaki Samurakami 0-0: Called Strike
0-1: SINGLE (Line Drive, 6M)
Batting: LHB Rurik Elhov 0-0: Ball
1-0: Ball
2-0: Called Strike
2-1: Swinging Strike
2-2: Foul Ball, location: 2F
2-2: Strikes out swinging
Batting: SHB Mick Chaundy 0-0: Ball
Shigeaki Samurakami steals 2nd base
1-0: Called Strike
1-1: Foul Ball, location: 2F
1-2: Ball
2-2: Foul Ball, location: 2F
2-2: Fly out, F8 (Flyball, 78M)
Batting: SHB Cheong-hun Kang 0-0: Intentional Walk
Batting: RHB Taua Naituyaga 0-0: Ground out 5-3 (Groundball, 56S)
Bottom of the 7th over - 0 runs, 1 hit, 0 errors, 2 left on base; Little Caesars 1 - Long Island 6
TOP OF THE 8TH
Little Caesars Hot N Readys batting - Pitching for Long Island Seawolves : RHP Caspar Irwin
Pitching: LHP Weon Hong
Batting: LHB Nathan Housden 0-0: Called Strike
0-1: Ground out 5-3 (Groundball, 56S)
Batting: SHB Allen Pandey 0-0: SINGLE (Line Drive, 9LM)
Batting: RHB Cornelio Japón 0-0: Fly out, F8 (Flyball, 8LS)
Batting: LHB Manuel Estrada 0-0: Foul Ball, location: 2F
0-1: Foul Ball, location: 2F
0-2: Strikes out swinging
Top of the 8th over - 0 runs, 1 hit, 0 errors, 1 left on base; Little Caesars 1 - Long Island 6
BOTTOM OF THE 8TH
Long Island Seawolves batting - Pitching for Little Caesars Hot N Readys : RHP Woodrow Pelot
Batting: RHB John Shultz 0-0: Called Strike
0-1: Ball
1-1: Ball
2-1: Ground out 6-3 (Groundball, 6)
Batting: RHB John Mayasich 0-0: Ball
1-0: Foul Ball, location: 2F
1-1: Ball
2-1: Ball
3-1: Called Strike
3-2: Base on Balls
Batting: SHB Alexei Ponikarov 0-0: Foul Ball, location: 2F
0-1: SINGLE (Groundball, 34S) (infield hit)
John Mayasich to second
Batting: RHB Carlos Gonzáles 0-0: Ball
1-0: Swinging Strike
1-1: Fielders Choice at 2nd, 6-4 (Groundball, 56)
John Mayasich to third
Batting: RHB Shigeaki Samurakami 0-0: Swinging Strike
0-1: Ball
1-1: Ball
2-1: Ball
3-1: Foul Ball, location: 2F
3-2: Base on Balls
Carlos Gonzáles to second
Batting: LHB Rurik Elhov 0-0: DOUBLE (Line Drive, 7D)
John Mayasich scores
Carlos Gonzáles scores
Shigeaki Samurakami to third
Batting: SHB Mick Chaundy 0-0: Ball
1-0: Ball
2-0: Ball
3-0: Called Strike
3-1: DOUBLE (Line Drive, 78D)
Shigeaki Samurakami scores
Rurik Elhov scores
Batting: SHB Cheong-hun Kang 0-0: Ball
1-0: Ball
2-0: Ball
3-0: Called Strike
3-1: Foul Ball, location: 2F
3-2: Base on Balls
Batting: RHB Taua Naituyaga 0-0: Called Strike
0-1: Ball
1-1: Fly out, F8 (Flyball, 8RM)
Bottom of the 8th over - 4 runs, 3 hits, 0 errors, 2 left on base; Little Caesars 1 - Long Island 10
TOP OF THE 9TH
Little Caesars Hot N Readys batting - Pitching for Long Island Seawolves : LHP Weon Hong
Batting: SHB Ezequiel Oacia 0-0: Swinging Strike
0-1: Ball
1-1: Foul Ball, location: 2F
1-2: Ball
2-2: Strikes out swinging
Batting: SHB Quentin Harrop 0-0: Ball
1-0: Ball
2-0: Fly out, F9 (Flyball, 89M)
Batting: RHB Shelby Loudenslager 0-0: Ball
1-0: Ball
2-0: Ball
3-0: Called Strike
3-1: Base on Balls
Batting: SHB Jorge Iglésias 0-0: Ball
1-0: Ball
2-0: SINGLE (Groundball, 56D)
Shelby Loudenslager to second
Batting: RHB Jaxon Dube 0-0: Called Strike
0-1: Ground out 6-3 (Groundball, 6)
Top of the 9th over - 0 runs, 1 hit, 0 errors, 2 left on base; Little Caesars 1 - Long Island 10
Friday, March 29th, 2019 - OOTP Baseball 18.8 Build 76